| TOP OF THE 1ST |
|
Montgomery Biscuits batting - Pitching for Arkansas Travelers : RHP Tim Anderson
|
|
Pitching: RHP Tim Anderson
|
|
|
Batting: LHB Darryl Gonnella
|
0-0: Called Strike 0-1: Ball 1-1: Ball 2-1: Ball 3-1: Base on Balls
|
|
Batting: RHB Nelle Lommen
|
0-0: Ball Darryl Gonnella steals 2nd base 1-0: Called Strike 1-1: Foul Ball, location: 2F 1-2: TRIPLE (Flyball, 8RXD, EV 93.1 MPH) Darryl Gonnella scores
|
|
Batting: LHB Eric Toney
|
0-0: Called Strike 0-1: Ball 1-1: Swinging Strike 1-2: Ball 2-2: Strikes out swinging
|
|
Batting: RHB James Huddleston
|
0-0: Called Strike 0-1: Ball 1-1: Foul Ball, location: 2F 1-2: DOUBLE (Line Drive, 89D, EV 102.5 MPH) Nelle Lommen scores
|
|
Batting: SHB Julio Hernandez
|
0-0: Ball 1-0: Fly out, F8 (Flyball, 89M, EV 95.0 MPH)
|
|
Batting: RHB Roberto Aispuro
|
0-0: Swinging Strike 0-1: Swinging Strike 0-2: Foul Ball, location: 2F 0-2: Ball 1-2: Ball 2-2: Foul Ball, location: 2F 2-2: Ball 3-2: Strikes out looking
|
| Top of the 1st over - 2 runs, 2 hits, 0 errors, 1 left on base; Montgomery 2 - Arkansas 0 |
| BOTTOM OF THE 1ST |
|
Arkansas Travelers batting - Pitching for Montgomery Biscuits : RHP Jaylin Green
|
|
Pitching: RHP Jaylin Green
|
|
|
Batting: RHB Jose Ramirez
|
0-0: Foul Ball, location: 2F 0-1: Ball 1-1: Ball 2-1: Foul Ball, location: 2F 2-2: Strikes out swinging
|
|
Batting: RHB Juan Montez
|
0-0: Ball 1-0: Foul Ball, location: 2F 1-1: Ball 2-1: Called Strike 2-2: Foul Ball, location: 2F 2-2: Ball 3-2: Ground out 6-3 (Groundball, 6, EV 113.1 MPH)
|
|
Batting: LHB Mark Reeg
|
0-0: Foul Ball, location: 2F 0-1: Fly out, F9 (Flyball, 89M, EV 91.9 MPH)
|
| Bottom of the 1st over - 0 runs, 0 hits, 0 errors, 0 left on base; Montgomery 2 - Arkansas 0 |
| TOP OF THE 2ND |
|
Montgomery Biscuits batting - Pitching for Arkansas Travelers : RHP Tim Anderson
|
|
Batting: RHB Dave Galloway
|
0-0: Ground out 4-3 (Groundball, 4, EV 83.1 MPH)
|
|
Batting: LHB Danny Hull
|
0-0: Ball 1-0: Foul Ball, location: 2F 1-1: Foul Ball, location: 2F 1-2: Ball 2-2: Strikes out swinging
|
|
Batting: RHB Khalil Walker
|
0-0: Called Strike 0-1: Called Strike 0-2: Strikes out looking
|
| Top of the 2nd over - 0 runs, 0 hits, 0 errors, 0 left on base; Montgomery 2 - Arkansas 0 |
| BOTTOM OF THE 2ND |
|
Arkansas Travelers batting - Pitching for Montgomery Biscuits : RHP Jaylin Green
|
|
Batting: SHB Mario Padron
|
0-0: Swinging Strike 0-1: Ball 1-1: Called Strike 1-2: Strikes out swinging
|
|
Batting: RHB Ryuji Ito
|
0-0: Called Strike 0-1: Ball 1-1: SINGLE (Flyball, 89S, EV 88.8 MPH)
|
|
Batting: LHB Griffin Ferris
|
0-0: Ball 1-0: SINGLE (Groundball, 34D, EV 103.1 MPH) Ryuji Ito to second Runner from 2nd tries for 3rd, SAFE, throw by RF made to third
|
|
Batting: RHB Jimmy Buzard
|
0-0: Ball 1-0: Swinging Strike 1-1: Ball 2-1: Ball 3-1: Foul Ball, location: 2F 3-2: SINGLE (Groundball, 34D, EV 96.2 MPH) Ryuji Ito scores Griffin Ferris to second Runner from 2nd tries for 3rd, SAFE, no throw by RF
|
|
Batting: LHB Justin Balthazor
|
0-0: Swinging Strike 0-1: Foul Ball, location: 2F 0-2: Strikes out swinging
|
|
Batting: RHB Timoleon Tsikouna
|
0-0: Called Strike 0-1: Ball 1-1: Swinging Strike 1-2: Strikes out swinging
|
| Bottom of the 2nd over - 1 run, 3 hits, 0 errors, 2 left on base; Montgomery 2 - Arkansas 1 |
| TOP OF THE 3RD |
|
Montgomery Biscuits batting - Pitching for Arkansas Travelers : RHP Tim Anderson
|
|
Batting: LHB Darryl Gonnella
|
0-0: Ball 1-0: Called Strike 1-1: Fly out, F6 (Popup, 6MS, EV 71.9 MPH)
|
|
Batting: RHB Nelle Lommen
|
0-0: Swinging Strike 0-1: Foul Ball, location: 2F 0-2: Ball 1-2: Foul Ball, location: 2F 1-2: Ball 2-2: Ball 3-2: Base on Balls
|
|
Batting: LHB Eric Toney
|
0-0: Called Strike 0-1: Foul Ball, location: 2F 0-2: Ball 1-2: Fly out, F7 (Flyball, 7, EV 89.4 MPH)
|
|
Batting: RHB James Huddleston
|
0-0: Ball 1-0: Ball 2-0: Ball 3-0: Called Strike 3-1: Swinging Strike 3-2: Strikes out swinging
|
| Top of the 3rd over - 0 runs, 0 hits, 0 errors, 1 left on base; Montgomery 2 - Arkansas 1 |
| BOTTOM OF THE 3RD |
|
Arkansas Travelers batting - Pitching for Montgomery Biscuits : RHP Jaylin Green
|
|
Batting: RHB Jose Ramirez
|
0-0: Ball 1-0: Ball 2-0: Swinging Strike 2-1: Ball 3-1: Ground out 6-3 (Groundball, 56, EV 90.6 MPH)
|
|
Batting: RHB Juan Montez
|
0-0: Called Strike 0-1: Foul Ball, location: 2F 0-2: SINGLE (Groundball, 6MD, EV 107.5 MPH)
|
|
Batting: LHB Mark Reeg
|
0-0: Ball 1-0: Swinging Strike 1-1: Fielders Choice at 2nd, 4-6 (Groundball, 4S, EV 85.6 MPH)
|
|
Batting: SHB Mario Padron
|
0-0: Ball 1-0: Ball 2-0: Called Strike 2-1: Ball 3-1: Ground out U3 (Groundball, 3S, EV 80.0 MPH)
|
| Bottom of the 3rd over - 0 runs, 1 hit, 0 errors, 1 left on base; Montgomery 2 - Arkansas 1 |
| TOP OF THE 4TH |
|
Montgomery Biscuits batting - Pitching for Arkansas Travelers : RHP Tim Anderson
|
|
Batting: SHB Julio Hernandez
|
0-0: Ground out 4-3 (Groundball, 4, EV 90.0 MPH)
|
|
Batting: RHB Roberto Aispuro
|
0-0: Called Strike 0-1: Reached on error, E6 (Groundball, 6, EV 91.2 MPH)
|
|
Batting: RHB Dave Galloway
|
0-0: Ball 1-0: SINGLE (Groundball, 6MD, EV 96.2 MPH) Roberto Aispuro to third Runner from 3rd tries for Home, SAFE, throw by CF to home
|
|
Batting: LHB Danny Hull
|
0-0: Ball 1-0: Swinging Strike 1-1: Foul Ball, location: 2F 1-2: Ball 2-2: Ball 3-2: Strikes out swinging
|
|
Batting: RHB Khalil Walker
|
0-0: Ground out 4-3 (Groundball, 4, EV 81.2 MPH)
|
| Top of the 4th over - 1 run, 1 hit, 1 error, 1 left on base; Montgomery 3 - Arkansas 1 |
| BOTTOM OF THE 4TH |
|
Arkansas Travelers batting - Pitching for Montgomery Biscuits : RHP Jaylin Green
|
|
Batting: RHB Ryuji Ito
|
0-0: SINGLE (Groundball, 5S, EV 64.4 MPH) (infield hit)
|
|
Batting: LHB Griffin Ferris
|
0-0: Ball 1-0: Called Strike 1-1: Ball 2-1: Ball 3-1: Grounds into double play, 4-6-3 (Groundball, 4, EV 101.2 MPH)
|
|
Batting: RHB Jimmy Buzard
|
0-0: Called Strike 0-1: Ball 1-1: Ball 2-1: Foul Ball, location: 2F 2-2: Foul Ball, location: 2F 2-2: Ball 3-2: Foul Ball, location: 2F 3-2: Fly out, F8 (Flyball, 8RM, EV 85.0 MPH)
|
| Bottom of the 4th over - 0 runs, 1 hit, 0 errors, 0 left on base; Montgomery 3 - Arkansas 1 |
| TOP OF THE 5TH |
|
Montgomery Biscuits batting - Pitching for Arkansas Travelers : RHP Tim Anderson
|
|
Batting: LHB Darryl Gonnella
|
0-0: Called Strike 0-1: Swinging Strike 0-2: Foul Ball, location: 2F 0-2: Foul Ball, location: 2F 0-2: Ball 1-2: Foul Ball, location: 2F 1-2: Strikes out swinging
|
|
Batting: RHB Nelle Lommen
|
0-0: Ball 1-0: Ground out 5-3 (Groundball, 56, EV 85.6 MPH)
|
|
Batting: LHB Eric Toney
|
0-0: Ball 1-0: Ball 2-0: Ball 3-0: Called Strike 3-1: Fly out, F8 (Line Drive, 8RD, EV 90.0 MPH)
|
| Top of the 5th over - 0 runs, 0 hits, 0 errors, 0 left on base; Montgomery 3 - Arkansas 1 |
| BOTTOM OF THE 5TH |
|
Arkansas Travelers batting - Pitching for Montgomery Biscuits : RHP Jaylin Green
|
|
Batting: LHB Justin Balthazor
|
0-0: Ball 1-0: Foul Ball, location: 2F 1-1: Ball 2-1: Ball 3-1: Foul Ball, location: 2F 3-2: Strikes out swinging
|
|
Batting: RHB Timoleon Tsikouna
|
0-0: DOUBLE (Line Drive, 7LS, EV 112.5 MPH)
|
|
Batting: RHB Jose Ramirez
|
0-0: Swinging Strike 0-1: Foul Ball, location: 2F 0-2: Ground out U3 (Groundball, 13, EV 92.5 MPH) Timoleon Tsikouna to third
|
|
Batting: RHB Juan Montez
|
0-0: Ball 1-0: Foul Ball, location: 2F 1-1: Swinging Strike 1-2: Ball 2-2: Foul Ball, location: 2F 2-2: Ball 3-2: Base on Balls
|
|
Batting: LHB Mark Reeg
|
0-0: Ball 1-0: Called Strike 1-1: Swinging Strike 1-2: Foul Ball, location: 2F 1-2: Ball 2-2: SINGLE (Flyball, 78S, EV 85.6 MPH) Timoleon Tsikouna scores Juan Montez to second
|
|
Batting: SHB Mario Padron
|
0-0: Ball 1-0: Called Strike 1-1: Ball 2-1: Ball 3-1: DOUBLE (Flyball, 78XD, EV 106.9 MPH) Juan Montez scores Mark Reeg to third Runner from 3rd tries for Home, SAFE, no throw by CF
|
|
Batting: RHB Ryuji Ito
|
0-0: Foul Ball, location: 2F 0-1: Foul Ball, location: 2F 0-2: Ball 1-2: Foul Ball, location: 2F 1-2: Foul Ball, location: 2F 1-2: Ball 2-2: Ground out 5-3 (Groundball, 56S, EV 65.6 MPH)
|
| Bottom of the 5th over - 3 runs, 3 hits, 0 errors, 1 left on base; Montgomery 3 - Arkansas 4 |
| TOP OF THE 6TH |
|
Montgomery Biscuits batting - Pitching for Arkansas Travelers : RHP Tim Anderson
|
|
Batting: RHB James Huddleston
|
0-0: Foul Ball, location: 2F 0-1: Swinging Strike 0-2: SOLO HOME RUN (Flyball, 89XD, EV 111.2 MPH), Distance : 412 ft
|
|
Batting: SHB Julio Hernandez
|
0-0: Swinging Strike 0-1: Foul Ball, location: 2F 0-2: Ball 1-2: Ground out 3-1 (Groundball, 34S, EV 80.6 MPH)
|
|
Batting: RHB Roberto Aispuro
|
0-0: Fly out, F8 (Flyball, 8LD, EV 95.0 MPH)
|
|
Batting: RHB Dave Galloway
|
0-0: Ball 1-0: Foul Ball, location: 2F 1-1: Foul Ball, location: 2F 1-2: Strikes out swinging
|
| Top of the 6th over - 1 run, 1 hit, 0 errors, 0 left on base; Montgomery 4 - Arkansas 4 |
| BOTTOM OF THE 6TH |
|
Arkansas Travelers batting - Pitching for Montgomery Biscuits : RHP Jaylin Green
|
|
Pitching: RHP Jaime Astacio
|
|
|
Batting: LHB Griffin Ferris
|
0-0: Ball 1-0: Ball 2-0: Ball 3-0: Called Strike 3-1: Foul Ball, location: 2F 3-2: Foul Ball, location: 2F 3-2: Ground out 5-3 (Groundball, 5, EV 80.0 MPH)
|
|
Batting: RHB Jimmy Buzard
|
0-0: Ground out 6-3 (Groundball, 6, EV 91.2 MPH)
|
|
Batting: LHB Justin Balthazor
|
0-0: Called Strike 0-1: Ball 1-1: Called Strike 1-2: Strikes out swinging
|
| Bottom of the 6th over - 0 runs, 0 hits, 0 errors, 0 left on base; Montgomery 4 - Arkansas 4 |
| TOP OF THE 7TH |
|
Montgomery Biscuits batting - Pitching for Arkansas Travelers : RHP Tim Anderson
|
|
Batting: LHB Danny Hull
|
0-0: Ball 1-0: Swinging Strike 1-1: Ball 2-1: Ground out 5-3 (Groundball, 5, EV 83.8 MPH)
|
|
Pitching: LHP Bryan Payne
|
|
|
Batting: RHB Khalil Walker
|
0-0: Ball 1-0: Fly out, F4 (Popup, 4MD, EV 61.9 MPH)
|
|
Batting: LHB Darryl Gonnella
|
0-0: Swinging Strike 0-1: Ball 1-1: Foul Ball, location: 2F 1-2: Strikes out looking
|
| Top of the 7th over - 0 runs, 0 hits, 0 errors, 0 left on base; Montgomery 4 - Arkansas 4 |
| BOTTOM OF THE 7TH |
|
Arkansas Travelers batting - Pitching for Montgomery Biscuits : RHP Jaime Astacio
|
|
Batting: RHB Timoleon Tsikouna
|
0-0: Ball 1-0: Swinging Strike 1-1: Ball 2-1: Ball 3-1: Called Strike 3-2: Foul Ball, location: 2F 3-2: Ground out 5-3 (Groundball, 56, EV 80.6 MPH)
|
|
Batting: RHB Jose Ramirez
|
0-0: Ball 1-0: Called Strike 1-1: Fly out, F7 (Flyball, 7S, EV 76.9 MPH)
|
|
Batting: RHB Juan Montez
|
0-0: Fly out, F5 (Line Drive, 5, EV 71.2 MPH)
|
| Bottom of the 7th over - 0 runs, 0 hits, 0 errors, 0 left on base; Montgomery 4 - Arkansas 4 |
| TOP OF THE 8TH |
|
Montgomery Biscuits batting - Pitching for Arkansas Travelers : LHP Bryan Payne
|
|
Batting: RHB Nelle Lommen
|
0-0: Ball 1-0: Called Strike 1-1: Ball 2-1: Foul Ball, location: 2F 2-2: Ground out U3 (Groundball, 34, EV 108.8 MPH)
|
|
Batting: SHB Joey Pacheco
|
0-0: Called Strike 0-1: Ball 1-1: Foul Ball, location: 2F 1-2: Ball 2-2: Ball 3-2: Base on Balls
|
|
Batting: RHB James Huddleston
|
0-0: Fly out, F9 (Flyball, 9S, EV 71.9 MPH)
|
|
Batting: SHB Julio Hernandez
|
0-0: Called Strike 0-1: Ball 1-1: Called Strike 1-2: Ground out 6-3 (Groundball, 6S, EV 89.4 MPH)
|
| Top of the 8th over - 0 runs, 0 hits, 0 errors, 1 left on base; Montgomery 4 - Arkansas 4 |
| BOTTOM OF THE 8TH |
|
Arkansas Travelers batting - Pitching for Montgomery Biscuits : RHP Jaime Astacio
|
|
Batting: LHB Mark Reeg
|
0-0: Called Strike 0-1: Ball 1-1: DOUBLE (Line Drive, 89M, EV 101.2 MPH)
|
|
Batting: SHB Mario Padron
|
0-0: Ball 1-0: Ball 2-0: Called Strike 2-1: Fly out, F8 (Flyball, 8LM, EV 87.5 MPH) Runner from 2nd tags up, OUT at 3rd! 8-5
|
|
Batting: RHB Ryuji Ito
|
0-0: DOUBLE (Flyball, 89D, EV 106.9 MPH)
|
|
Batting: LHB Griffin Ferris
|
0-0: Called Strike 0-1: Called Strike 0-2: Ball 1-2: Ball 2-2: Foul Ball, location: 2F 2-2: Ground out U3 (Groundball, 3, EV 91.2 MPH)
|
| Bottom of the 8th over - 0 runs, 2 hits, 0 errors, 1 left on base; Montgomery 4 - Arkansas 4 |
| TOP OF THE 9TH |
|
Montgomery Biscuits batting - Pitching for Arkansas Travelers : LHP Bryan Payne
|
|
Pitching: RHP Nick Madrid
|
|
|
Batting: RHB Roberto Aispuro
|
0-0: Called Strike 0-1: Ground out 5-3 (Groundball, 56S, EV 83.8 MPH)
|
|
Batting: RHB Dave Galloway
|
0-0: Ball 1-0: Ball 2-0: Called Strike 2-1: Called Strike 2-2: Strikes out looking
|
|
Batting: LHB Danny Hull
|
0-0: Ball 1-0: Ball 2-0: Ball 3-0: Ground out U3 (Groundball, 34, EV 87.5 MPH)
|
| Top of the 9th over - 0 runs, 0 hits, 0 errors, 0 left on base; Montgomery 4 - Arkansas 4 |
| BOTTOM OF THE 9TH |
|
Arkansas Travelers batting - Pitching for Montgomery Biscuits : RHP Jaime Astacio
|
|
Pitching: RHP Josh McMahan
|
|
|
Batting: RHB Jimmy Buzard
|
0-0: Foul Ball, location: 2F 0-1: Ball 1-1: Ball 2-1: Foul Ball, location: 2F 2-2: Foul Ball, location: 2F 2-2: Fly out, F7 (Flyball, 7LM, EV 91.2 MPH)
|
|
Batting: LHB Justin Balthazor
|
0-0: Called Strike 0-1: Foul Ball, location: 2F 0-2: Ball 1-2: Ground out 4-3 (Groundball, 4D, EV 89.4 MPH)
|
|
Batting: RHB Timoleon Tsikouna
|
0-0: Called Strike 0-1: Ground out 4-3 (Groundball, 4M, EV 85.0 MPH)
|
| Bottom of the 9th over - 0 runs, 0 hits, 0 errors, 0 left on base; Montgomery 4 - Arkansas 4 |
| TOP OF THE 10TH |
|
Montgomery Biscuits batting - Pitching for Arkansas Travelers : RHP Nick Madrid
|
|
Batting: RHB Khalil Walker
|
0-0: Foul Ball, location: 2F 0-1: Ball 1-1: Ground out 4-3 (Groundball, 4M, EV 104.4 MPH)
|
|
Batting: LHB Darryl Gonnella
|
0-0: Called Strike 0-1: Ball 1-1: DOUBLE (Line Drive, 3D, EV 98.1 MPH)
|
|
Batting: RHB Nelle Lommen
|
0-0: Foul Ball, location: 2F 0-1: Ball 1-1: Fly out, F7 (Flyball, 7, EV 91.9 MPH)
|
|
Batting: SHB Joey Pacheco
|
0-0: Intentional Walk
|
|
Batting: RHB James Huddleston
|
0-0: Ball 1-0: Ball 2-0: Foul Ball, location: 2F 2-1: Foul Ball, location: 2F 2-2: Strikes out swinging
|
| Top of the 10th over - 0 runs, 1 hit, 0 errors, 2 left on base; Montgomery 4 - Arkansas 4 |
| BOTTOM OF THE 10TH |
|
Arkansas Travelers batting - Pitching for Montgomery Biscuits : RHP Josh McMahan
|
|
Pitching: RHP David Breaux
|
|
|
Batting: RHB Jose Ramirez
|
0-0: Ball 1-0: Called Strike 1-1: Foul Ball, location: 2F 1-2: Foul Ball, location: 2F 1-2: Strikes out swinging
|
|
Batting: RHB Juan Montez
|
0-0: Called Strike 0-1: Foul Ball, location: 2F 0-2: Ball 1-2: Ball 2-2: Ground out 6-3 (Groundball, 6, EV 89.4 MPH)
|
|
Batting: LHB Mark Reeg
|
0-0: Called Strike 0-1: Ball 1-1: Ball 2-1: DOUBLE (Groundball, 3L, EV 100.0 MPH)
|
|
Batting: SHB Mario Padron
|
0-0: Foul Ball, location: 2F 0-1: Foul Ball, location: 2F 0-2: Fly out, F8 (Flyball, 8RD, EV 103.1 MPH)
|
| Bottom of the 10th over - 0 runs, 1 hit, 0 errors, 1 left on base; Montgomery 4 - Arkansas 4 |
| TOP OF THE 11TH |
|
Montgomery Biscuits batting - Pitching for Arkansas Travelers : RHP Nick Madrid
|
|
Batting: SHB Julio Hernandez
|
0-0: Called Strike 0-1: Ground out 4-3 (Groundball, 4, EV 109.4 MPH)
|
|
Batting: RHB Roberto Aispuro
|
0-0: Ground out 6-3 (Groundball, 6, EV 96.9 MPH)
|
|
Batting: RHB Dave Galloway
|
0-0: Fly out, F8 (Flyball, 8LS, EV 98.8 MPH)
|
| Top of the 11th over - 0 runs, 0 hits, 0 errors, 0 left on base; Montgomery 4 - Arkansas 4 |
| BOTTOM OF THE 11TH |
|
Arkansas Travelers batting - Pitching for Montgomery Biscuits : RHP David Breaux
|
|
Batting: RHB Ryuji Ito
|
0-0: Ball 1-0: Ball 2-0: Ground out 5-3 (Groundball, 56S, EV 86.9 MPH)
|
|
Batting: LHB Griffin Ferris
|
0-0: Called Strike 0-1: Ball 1-1: Called Strike 1-2: Foul Ball, location: 2F 1-2: Ball 2-2: Ball 3-2: Base on Balls
|
|
Batting: RHB Jimmy Buzard
|
0-0: Reached on error, E6 (Groundball, 6M, EV 103.1 MPH) Griffin Ferris to second
|
|
Batting: LHB Justin Balthazor
|
0-0: Ball 1-0: Ball 2-0: Foul Ball, location: 2F 2-1: Foul Ball, location: 2F 2-2: SINGLE (Groundball, 56D, EV 94.4 MPH) Griffin Ferris to third Jimmy Buzard to second Runner from 3rd tries for Home, SAFE, throw by LF to home
|
| Bottom of the 11th over - 1 run, 1 hit, 1 error, 2 left on base; Montgomery 4 - Arkansas 5 |
|